 Dungeon Crawl Stone Soup version 0.30-a0-739-gea05faddec (webtiles) character file.

Game seed: 10990669887911759015

4393 Conn the Magician (level 10, -4/61 HPs)
             Began as an Octopode Fire Elementalist on Feb 4, 2023.
             Slain by a kobold demonologist
             ... wielding the +0 morningstar "Omufefu" {speed, *Rage Int+9 Dex+4 SInv}
              (7 damage)
             ... in a bailey.
             The game lasted 00:25:02 (7781 turns).

Conn the Magician (Octopode Fire Elementalist)      Turns: 7781, Time: 00:25:02

Health: -4/61      AC:  1    Str:  8    XL:     10   Next: 35%
Magic:  6/21       EV: 13    Int: 21    God:
Gold:   428        SH:  0    Dex: 13    Spells: 8/24 levels left

rFire   . . .      SeeInvis .    a - +1 arbalest
rCold   . . .      Faith    .    (shield currently unavailable)
rNeg    . . .      Spirit   .    (helmet restricted)
rPois   .          Reflect  .    (no amulet)
rElec   .          Harm     .    (no ring)
rCorr   .          Rampage  .    (no ring)
Will    .....                    (no ring)
Stlth   ++++                     (no ring)
HPRegen 0.30/turn                (no ring)
MPRegen 0.17/turn                (no ring)
                                 (no ring)
                                 (no ring)

@: no status effects
A: almost no armour, amphibious, 8 rings, camouflage 1, gelatinous body 1,
(nimble swimmer 1), tentacles
a: no special abilities


You were in a bailey.
You visited 1 branch of the dungeon, and saw 7 of its levels.
You also visited: Sewer and Bailey.

You collected 428 gold pieces.

Inventory:

Hand Weapons
 a - a +1 arbalest (weapon)
 b - a +2 dagger of electrocution
 q - a +0 dagger
Missiles
 e - 4 curare-tipped darts (quivered)
 i - 2 atropa-tipped darts
Wands
 o - a wand of paralysis (1)
Scrolls
 d - a scroll of identify
 h - 2 scrolls of poison
 j - a scroll of silence
 k - a scroll of magic mapping
 l - a scroll of blinking
 r - a scroll of enchant armour
Potions
 c - 3 potions of magic
 f - a potion of resistance
 g - 8 potions of haste
 m - 5 potions of curing
 n - a potion of flight
 s - a potion of brilliance
 u - 2 potions of might
 v - 3 potions of mutation
 w - 2 potions of invisibility


   Skills:
 + Level 2.3 Fighting
 + Level 0.6 Short Blades
 * Level 7.7 Ranged Weapons
 + Level 0.1 Throwing
 + Level 2.8 Dodging
 + Level 4.5 Stealth
 * Level 7.8 Spellcasting
 * Level 4.7 Conjurations
 + Level 0.7 Hexes
 * Level 1.4 Translocations
 + Level 7.3 Fire Magic


You had 8 spell levels left.
You knew the following spells:

 Your Spells              Type           Power      Damage    Failure   Level
a - Foxfire               Conj/Fire      100%       2x1d9     1%          1
b - Sticky Flame          Conj/Fire      33%        2d5       7%          4
c - Inner Flame           Hex/Fire       25%        N/A       4%          3
d - Flame Wave            Conj/Fire      33%        2d10      7%          4
e - Scorch                Fire           76%        2d9       1%          2
f - Blink                 Tloc           28%        N/A       7%          2

Your spell library contained the following spells:

 Spells                   Type           Power      Damage    Failure   Level
 Momentum Strike          Conj/Tloc      42%        3d9       3%          2
 Slow                     Hex            44%        N/A       6%          1
 Kindle Blastsparks       Fire/Tloc/Air  40%        2d13      8%          3
 Ensorcelled Hibernation  Hex/Ice        18%        N/A       11%         2
 Sublimation of Blood     Necr           8%         N/A       12%         2
 Wereblood                Tmut           8%         N/A       12%         2
 Confusing Touch          Hex            11%        N/A       19%         3
 Spider Form              Tmut/Pois      8%         N/A       24%         3
 Vampiric Draining        Necr           8%         2d6       24%         3
 Passage of Golubria      Tloc           14%        N/A       41%         4
 Anguish                  Hex/Necr       4%         N/A       56%         4
 Summon Hydra             Summ           4%         N/A       100%        7


Dungeon Overview and Level Annotations

Branches:
Dungeon (7/15)              Sewer (visited)          Bailey (1/1)
 Temple: D:4-7

Altars:
Cheibriados
Makhleb
Trog
Wu Jian

Shops:
D:2 [   D:5 [


Innate Abilities, Weirdness & Mutations

You cannot wear most types of armour.
You are amphibious.
You can wear up to eight rings at the same time.
Your skin changes colour to match your surroundings (Stealth+).
Your rubbery body absorbs attacks. (AC +1, EV +1)
((You are camouflaged when in or above water. (Stealth+)))
You have tentacles for arms and can constrict up to eight enemies at once.


Message History

The smoke demon is lightly wounded.
You are engulfed in a cloud of scalding steam.
You are covered in liquid flames!
You are no longer on fire.
The kobold demonologist hits you with the +0 morningstar "Omufefu" {speed, *Rage Int+9 Dex+4 SInv}.
A wave of flame ripples out!
The flame wave engulfs the kobold demonologist.
The kobold demonologist is burned terribly!
The kobold demonologist is severely wounded.
The flame wave engulfs the smoke demon.
The smoke demon resists.
The smoke demon is lightly wounded.
You finish channelling waves of flame.
You are engulfed in a cloud of scalding steam.
You hear a shout!
The kobold demonologist mumbles some strange words.
The smoke demon gestures at you. The ball of steam hits you!!
* * * LOW HITPOINT WARNING * * *
Okay, then.
Unknown command.
Okay, then.
Unknown command.
Unknown command.
Casting: Flame Wave (dangerous; 7% risk of failure)
Confirm with . or Enter, or press ? or * to list all spells.
Casting: Flame Wave (dangerous; 7% risk of failure)
Press: ? - help, Dir - look around, f - activate A wave of flame ripples out!
The flame wave engulfs the kobold demonologist!
The kobold demonologist is burned terribly!
The kobold demonologist is almost dead.
The flame wave engulfs the smoke demon.
The smoke demon resists.
The smoke demon is lightly wounded. (Press . to intensify the flame waves.)
You are engulfed in a cloud of scalding steam.
* * * LOW HITPOINT WARNING * * *
You feel stable enough to blink again.
The kobold demonologist is no longer more vulnerable to fire.
The kobold demonologist hits you with the +0 morningstar "Omufefu" {speed, *Rage Int+9 Dex+4 SInv}!
You die...

#################################
#≈≈≈≈≈≈≈≈≈≈≈≈≈≈≈≈≈≈≈≈§≈≈≈≈≈≈≈≈≈≈≈
#≈≈≈≈≈≈≈≈≈≈≈≈≈≈≈≈≈≈≈≈§≈≈≈≈≈≈≈≈≈≈≈
#≈≈≈≈≈≈≈≈≈≈≈≈≈≈≈≈≈≈§≈≈≈≈≈≈≈≈≈≈≈≈≈
#≈≈≈≈≈≈≈≈≈≈≈≈≈≈≈≈≈≈≈≈≈≈≈≈≈≈≈≈≈≈≈≈
#≈≈≈≈≈≈≈≈≈≈≈≈≈§§§§§§§≈≈≈≈≈≈≈≈≈≈≈≈
#≈≈≈≈≈≈≈≈######§§35)§~~)~~######≈
#≈≈≈≈≈≈≈≈#.'.)§§@K§5∩.....)..'.#≈
#≈≈≈≈≈≈≈≈###))######.######..###≈
#≈≈≈≈≈≈≈≈#....#[[.#.).#o!?#)...#≈
#≈≈≈≈≈≈≈≈#.)..#[[.#...#.?:#....#≈
#≈≈≈≈≈≈≈≈#'#'##'###8.8###'##'#'#≈
#≈≈≈≈≈≈≈≈~)#))#. #...# .#..#.~≈
#≈≈≈≈≈≈≈≈~.#).## #8.8# ##..#.~÷
#≈≈≈≈≈≈≈≈~.#..# #...# #..#.~÷
#≈≈≈≈≈≈≈≈~.#..# #..#.~≈


You could see a kobold demonologist, a smoke demon (summoned), an iron imp
(summoned) and a shadow imp (summoned).

Vanquished Creatures
  Pikel (D:6)
  An orc knight (Bailey)
  A kobold demonologist (Bailey)
  Sigmund (D:2)
  Eustachio (D:5)
  2 water moccasins (D:6)
  Pargi (D:3)
  An ice beast (D:6)
  10 orc warriors (Bailey)
  2 ogres (D:6)
  A centaur (D:6)
  A lemure (D:6)
  A kobold brigand (Sewer)
  3 necrophages
  3 scorpions
  A wight (D:6)
  2 jellies
  4 electric eels (Bailey)
  4 hounds
  A gnoll bouda (D:6)
  7 iguanas
  Terence (D:2)
  A hound skeleton (D:6)
  12 gnolls
  5 adders
  A shadow imp (D:6)
  An ufetubus (D:6)
  5 worms
  2 dart slugs (D:1)
  3 orcs
  6 ball pythons
  8 bats
  8 endoplasms
  2 giant cockroaches (D:2)
  18 goblins
  9 hobgoblins
  8 jackals
  23 kobolds
  2 quokkas
  4 frilled lizards
  3 rats
171 creatures vanquished.

Vanquished Creatures (collateral kills)
  4 foxfires (Sewer)
4 creatures vanquished.

Vanquished Creatures (others)
  350 foxfires
  9 plants
359 creatures vanquished.

Grand Total: 534 creatures vanquished

Notes
Turn   | Place    | Note
-------+----------+-------------------------------------------
     0 | D:1      | Conn the Octopode Fire Elementalist began the quest for the
                  | Orb.
     0 | D:1      | Reached XP level 1. HP: 11/11 MP: 3/3
   132 | D:1      | Reached XP level 2. HP: 8/17 MP: 0/5
   661 | D:1      | Reached XP level 3. HP: 16/21 MP: 4/6
   664 | D:1      | Learned a level 2 spell: Scorch
   668 | D:1      | Learned a level 3 spell: Inner Flame
  1014 | D:2      | Noticed Terence
  1107 | D:2      | Killed Terence
  1108 | D:2      | Reached skill level 1 in Ranged Weapons
  1221 | D:2      | Reached XP level 4. HP: 27/27 MP: 7/7
  1363 | D:2      | Found a faded altar of an unknown god.
  1739 | D:2      | Noticed Sigmund
  1745 | D:2      | Killed Sigmund
  1746 | D:2      | Reached skill level 1 in Fighting
  1746 | D:2      | Reached XP level 5. HP: 30/33 MP: 1/9
  1746 | D:2      | Reached XP level 6. HP: 34/38 MP: 1/10
  1925 | D:2      | Found Ceycuim's Antique Armour Shop.
  2113 | D:3      | Noticed Pargi
  2124 | D:3      | Killed Pargi
  3130 | D:4      | Reached XP level 7. HP: 43/43 MP: 7/11
  3780 | D:5      | Entered Level 5 of the Dungeon
  3832 | D:5      | Found Xodegh's Antique Armour Boutique.
  3862 | D:5      | Found a glowing drain.
  3879 | Sewer    | Entered a sewer
  4614 | D:5      | Learned a level 4 spell: Flame Wave
  4619 | D:5      | Learned a level 4 spell: Sticky Flame
  4649 | D:5      | Noticed Eustachio
  4656 | D:5      | Killed Eustachio
  4657 | D:5      | Reached skill level 5 in Fire Magic
  4657 | D:5      | Reached XP level 8. HP: 29/48 MP: 5/14
  4850 | D:5      | Found an ornate altar of the Wu Jian Council.
  4864 | D:5      | Reached skill level 5 in Ranged Weapons
  4905 | D:5      | Found a snail-covered altar of Cheibriados.
  4964 | D:5      | Identified the +1 chain mail of Tosikhes {rPois rC+ Regen+}
  5307 | D:6      | Reached skill level 5 in Spellcasting
  5702 | D:6      | Reached XP level 9. HP: 37/54 MP: 7/16
  6025 | D:6      | Noticed Pikel
  6029 | D:6      | Killed Pikel
  6162 | D:6      | Found a bloodstained altar of Trog.
  6366 | D:6      | Found a burning altar of Makhleb.
  6732 | D:7      | Found a flagged portal.
  6773 | Bailey   | Entered a bailey
  6889 | Bailey   | Noticed an orc knight
  6921 | Bailey   | Killed an orc knight
  7058 | Bailey   | Acquired the Lectures on Places
  7064 | Bailey   | Learned a level 2 spell: Blink
  7100 | Bailey   | Reached XP level 10. HP: 60/60 MP: 20/20
  7107 | Bailey   | Noticed a kobold demonologist
  7113 | Bailey   | Killed a kobold demonologist
  7114 | Bailey   | Reached skill level 1 in Translocations
  7448 | Bailey   | Noticed an orc knight
  7459 | Bailey   | Identified the +0 morningstar "Omufefu" {speed, *Rage Int+9
                  | Dex+4 SInv}
  7459 | Bailey   | Noticed a kobold demonologist
  7774 | Bailey   | Noticed a smoke demon
  7781 | Bailey   | HP: 3/61 [cloud of steam (8)]
  7781 | Bailey   | Slain by a kobold demonologist

Illustrated notes

Levels and vault maps discovered:
D:1:      sevenhm_arrival_forest_fort_large_2, layout_loops_ring
D:2:      layout_rooms, serial_shops, shop, ebering_ecumenical_altar_hall,
          uniq_sigmund, uniq_terence
D:3:      layout_loops_ring, uniq_pargi
D:4:      layout_cave_pools
D:5:      layout_basic, cheibrodos_worm_habitat, lemuel_round_altar,
          cheibrodos_sewer_entry_sluice, serial_shops, kennysheep_mini,
          eino_tiny_chamber, uniq_eustachio
D:6:      layout_loops_ring, makhleb_blood_cavern_becter,
          mainiacjoe_overflow_boulevard, minmay_bent, uniq_pikel
D:7:      layout_cave_pools, grunt_dithmenos_shadows, minmay_temple_entry_trees,
          enter_bailey_3, uniq_prince_ribbit1, uniq_crazy_yiuf_cottage
Bailey:   bailey_axe_of_yendor_kennysheep, bailey

Skill      XL: |  1  2  3  4  5  6  7  8  9 10 |
---------------+-------------------------------+-----
Ranged Weapons | 1 3 4 6 7 |  7.7
Fighting       | 1 2 |  2.3
Fire Magic     | 4 5 7 |  7.3
Stealth        | 3 4 |  4.5
Spellcasting   | 3 4 5 6 7 |  7.8
Conjurations   | 2 3 4 |  4.7
Translocations | 1 |  1.4
Short Blades   | |  0.6
Throwing       | |  0.1
Dodging        | |  2.8
Hexes          | |  0.7

Action                     |  1- 3 |  4- 6 |  7- 9 | 10-12 || total
---------------------------+-------+-------+-------+-------++-------
  Melee: Unarmed           |    11 |       |       |       ||    11
         Constrict         |     3 |       |     1 |       ||     4
         Tentacles         |     1 |     1 |     1 |       ||     3
         Dagger            |       |     4 |     3 |       ||     7
         Punch             |       |       |     1 |       ||     1
   Fire: Arbalest          |    58 |    21 |    90 |    39 ||   208
  Throw: Dart              |       |       |     2 |     1 ||     3
   Cast: Foxfire           |    24 |    65 |    85 |    27 ||   201
         Scorch            |     1 |     9 |    64 |    14 ||    88
         Inner Flame       |       |       |     8 |       ||     8
         Sticky Flame      |       |       |     1 |       ||     1
         Flame Wave        |       |       |     1 |     5 ||     6
         Blink             |       |       |       |     1 ||     1
  Evoke: Wand              |       |     2 |       |       ||     2
    Use: Potion            |       |       |     8 |     1 ||     9
         Scroll            |       |       |    12 |       ||    12
   Stab: Paralysed         |       |     4 |       |       ||     4
         Sleeping          |       |       |     2 |       ||     2
 Armour: Skin              |    21 |       |     4 |       ||    25
  Dodge: Dodged            |    45 |    20 |    55 |    13 ||   133

Table legend: (Time is in decaauts)
 A = Elapsed time spent in this place.
 B = Non-inter-level travel time spent in this place.
 C = Inter-level travel time spent in this place.
 D = Time resting spent in this place.
 E = Time spent auto-exploring this place.
 F = Levels seen in this place.
 G = Mean time per level.
                   A        B        C        D        E       F      G
               +--------+--------+--------+--------+--------+-----+--------+
         Total |   7906 |   7761 |    145 |    481 |   5129 |   9 |  878.4 |
       Dungeon |   6404 |   6259 |    145 |    240 |   4562 |   7 |  914.9 |
         Sewer |    468 |    468 |      0 |     22 |    265 |   1 |  468.0 |
        Bailey |   1034 |   1034 |      0 |    219 |    302 |   1 | 1034.0 |
               +--------+--------+--------+--------+--------+-----+--------+

Top non-repeatable levels by time:
     D:6: 1499 daAuts
     D:1: 1111 daAuts
  Bailey: 1034 daAuts
     D:5: 1001 daAuts
     D:2: 944 daAuts
     D:4: 916 daAuts
     D:3: 876 daAuts
   Sewer: 468 daAuts
     D:7: 54 daAuts
